[Event "Team 45 45 League T91"]
[Site "Internet Chess Club"]
[Date "2022.03.05"]
[Round "8"]
[White "grekor"]
[Black "CMAlge"]
[Result "1-0"]
[WhiteElo "1169"]
[BlackElo "1239"]
[Opening "Old Benoni defense"]
[ECO "A43"]
[Time "12:30:30"]
[PlyCount "77"]
[TimeControl "2700+45"]

1. d4 c5 2. Nf3 cxd4 3. Nxd4 e5 4. Nb5 Qa5+ 5. N1c3 a6 6. Nd6+ Bxd6 7. Qxd6 Nc6
8. Bd2 Qb4 9. Qxb4 Nxb4 10. O-O-O Nf6 11. f4 d6 12. fxe5 dxe5 13. e4 Be6 14. b3
Rc8 15. a3 Nc6 16. h3 Nd4 17. Kb2 Ke7 18. g4 Nd7 19. Be3 Rhd8 20. Bxd4 exd4 21.
Rxd4 b5 22. Bg2 Rc7 23. Nd5+ Bxd5 24. exd5 Nb6 25. Re1+ Kd6 26. Rf1 Rdc8 27. Rf2
Rc3 28. Rd3 R3c5 29. Rdd2 Nxd5 30. Bxd5 Rxd5 31. Rxd5+ Kxd5 32. Rxf7 Rg8 33. Ra7
g5 34. Rxa6 Rg6 35. Rxg6 hxg6 36. a4 bxa4 37. bxa4 Kc4 38. Ka3 Kc5 39. Kb3
{Black resigns} 1-0

[Event "Team 45 45 League T91"]
[Site "Internet Chess Club"]
[Date "2022.03.07"]
[Round "8"]
[White "DaveTheRook"]
[Black "Kingofknights"]
[Result "1-0"]
[WhiteElo "1420"]
[BlackElo "1527"]
[Opening "Réti: King's Indian attack"]
[ECO "A08"]
[Time "18:45:16"]
[PlyCount "85"]
[TimeControl "2700+45"]

1. Nf3 d5 2. g3 c5 3. Bg2 Nc6 4. O-O e5 5. d3 f6 6. c3 Bg4 7. Nbd2 Nh6 8. Re1
Qd7 9. a3 Be7 10. Qc2 Rc8 11. e4 d4 12. c4 Nf7 13. Rb1 O-O 14. Nf1 f5 15. exf5
Qxf5 16. Qe2 Bd6 17. N1d2 b6 18. Qf1 Na5 19. Nh4 Qd7 20. Ne4 Rce8 21. Bd2 Nb3
22. Bc1 Nxc1 23. Rbxc1 Bc7 24. h3 Be6 25. Rc2 Nd6 26. Ng5 Nf5 27. Nxe6 Qxe6 28.
Bd5 Nxg3 29. Bxe6+ Rxe6 30. Qg2 Nh5 31. Qd5 Nf4 32. Qd7 Bd8 33. Ng2 Rg6 34. f3
Nxd3 35. Qd5+ Kh8 36. Ree2 Nf4 37. Qxe5 Nxe2+ 38. Rxe2 Bf6 39. Qe8 Kg8 40. Qe6+
Kh8 41. Qd7 Rd8 42. Re8+ Rxe8 43. Qxe8# {Black checkmated} 1-0

[Event "Team 45 45 League T91"]
[Site "Internet Chess Club"]
[Date "2022.03.03"]
[Round "8"]
[White "olivermx"]
[Black "smsxman"]
[Result "0-1"]
[WhiteElo "1295"]
[BlackElo "1480"]
[Opening "Scandinavian (center counter) defense"]
[ECO "B01"]
[Time "23:00:52"]
[PlyCount "50"]
[TimeControl "2700+45"]

1. e4 d5 2. exd5 Qxd5 3. Nc3 Qd8 4. d4 e6 5. Nf3 g6 6. Bc4 Bg7 7. Bf4 a6 8. Qd2
Bd7 9. O-O-O Nf6 10. Qe2 O-O 11. Ne5 b5 12. Bb3 c6 13. g4 a5 14. a3 b4 15. axb4
axb4 16. Na4 Nd5 17. Bg3 Bh6+ 18. f4 Qc8 19. g5 Bg7 20. h4 f6 21. Nd3 fxg5 22.
fxg5 Bxd4 23. Be5 c5 24. Bxd4 cxd4 25. Qe4 Bxa4 {White resigns} 0-1

[Event "Team 45 45 League T91"]
[Site "Internet Chess Club"]
[Date "2022.03.07"]
[Round "8"]
[White "xingon"]
[Black "Toalla"]
[Result "0-1"]
[WhiteElo "1365"]
[BlackElo "1130"]
[Opening "Queen's pawn: London system"]
[ECO "A45"]
[Time "13:15:36"]
[PlyCount "84"]
[TimeControl "2700+45"]

1. d4 Nf6 2. Bf4 e6 3. Nf3 d5 4. e3 Bd6 5. Bg3 Bxg3 6. hxg3 Nbd7 7. Nc3 c6 8.
Qd2 Qe7 9. O-O-O b5 10. Ne5 Nxe5 11. dxe5 Nd7 12. f4 Bb7 13. Bd3 g6 14. Ne2
O-O-O 15. e4 Nc5 16. exd5 Rxd5 17. Qe3 Nxd3+ 18. Rxd3 Rxd3 19. Qxd3 Kb8 20. Qe3
h5 21. Rd1 Rd8 22. Nc3 Rxd1+ 23. Nxd1 c5 24. Qe2 a6 25. Nc3 Qd7 26. Ne4 Bxe4 27.
Qxe4 Qd5 28. Qxd5 exd5 29. Kd2 Kc7 30. Ke3 Kd7 31. Kf3 Ke6 32. g4 f5 33. gxh5
gxh5 34. Kg3 d4 35. Kh4 c4 36. Kxh5 d3 37. cxd3 cxd3 38. g4 fxg4 39. Kxg4 d2 40.
Kg5 d1=Q 41. f5+ Kxe5 42. Kg6 Qg4+ {White resigns} 0-1

[Event "Team 45 45 League T91"]
[Site "Internet Chess Club"]
[Date "2022.03.04"]
[Round "8"]
[White "kabubi"]
[Black "burlap"]
[Result "0-1"]
[WhiteElo "1157"]
[BlackElo "1207"]
[Opening "French: King's Indian attack"]
[ECO "C00"]
[Time "21:00:15"]
[PlyCount "52"]
[TimeControl "2700+45"]

1. e4 e6 2. d3 d5 3. Nd2 Nf6 4. g3 dxe4 5. dxe4 e5 6. Bg2 Bc5 7. Ngf3 Nc6 8. O-O
O-O 9. c3 a5 10. a3 b6 11. Qe2 Ba6 12. c4 Nd4 13. Nxd4 Bxd4 14. Qd1 Bb7 15. h3
Re8 16. Kh2 Bc5 17. Nb3 Qxd1 18. Rxd1 Bxf2 19. Bg5 Nxe4 20. Bxe4 Bxe4 21. Nd2
Bg6 22. Kg2 Bc5 23. Bh4 f6 24. g4 Rad8 25. Nb3 Rxd1 26. Rxd1 Bc2 {White resigns}
0-1